 Dungeon Crawl Stone Soup version 0.21.1-1-g345015f (webtiles) character file.

88 Mgcat the Skirmisher (level 4, -10/42 HPs)
             Began as a Deep Dwarf Fighter on Feb 5, 2018.
             Mangled by PheasantPlucker's ghost (17 damage)
             ... on level 3 of the Dungeon.
             The game lasted 00:05:20 (1655 turns).

Mgcat the Skirmisher (Deep Dwarf Fighter)           Turns: 1655, Time: 00:05:21

Health: -10/42     AC:  9    Str: 25    XL:     4   Next: 30%
Magic:  6/6        EV:  7    Int:  8    God:
Gold:   42         SH:  9    Dex: 13    Spells: 6/6 levels left

rFire    . . .     SeeInvis .   j - +2 dagger (vamp) {!w}
rCold    . . .     Gourm    .   c - +0 shield
rNeg     . . .     Faith    .   b - +0 scale mail
rPois    .         Spirit   .   l - +1 helmet
rElec    .         Reflect  .   (no cloak)
rCorr    .         Harm     .   t - +0 pair of gloves
MR       .....                  (no boots)
Stlth    ..........             (no amulet)
HPRegen  0.00/turn              (no ring)
MPRegen  0.10/turn              (no ring)

@: mighty, non-regenerating, heavily drained
A: damage resistance, heal wounds, sense surroundings 1, no regeneration
a: Heal Wounds


You were on level 3 of the Dungeon.
You were near starving.

You visited 1 branch of the dungeon, and saw 3 of its levels.

You collected 42 gold pieces.

Inventory:

Hand Weapons
 a - a +0 war axe
 j - a +2 vampiric dagger (weapon) {!w}
   (You took it off a kobold on level 1 of the Dungeon)
Missiles
 p - a throwing net {=f, !d}
Armour
 b - a +0 scale mail (worn)
 c - a +0 shield (worn)
 l - a +1 helmet (worn)
   (You found it on level 1 of the Dungeon)
 t - a +0 pair of gloves (worn)
   (You found it on level 2 of the Dungeon)
Scrolls
 e - 2 scrolls of enchant weapon {unknown}
 g - 2 scrolls of identify {unknown}
 i - a scroll of immolation {unknown}
 n - 2 scrolls of remove curse
Potions
 d - 2 potions of might
 k - a potion of degeneration {unknown}
 m - a potion of cancellation {unknown}
 q - a potion of brilliance {unknown}
 r - a potion of mutation {unknown}
 u - a potion of invisibility {unknown}
 v - a potion of agility {unknown}
Comestibles
 f - 2 rations


   Skills:
 + Level 3.4(1.7) Fighting
 + Level 3.4(1.7) Axes
 - Level 3.2(1.6) Armour
 - Level 3.2(1.6) Shields
 + Level 1.7(0.1) Spellcasting


You had 6 spell levels left.
You didn't know any spells.

Dungeon Overview and Level Annotations

Branches:
Dungeon (3/15)

Altars:
Ashenzari

Annotations:
D:2 1 runed door
D:3 PheasantPlucker's ghost, amateur OgHu


Innate Abilities, Weirdness & Mutations

You are resistant to damage.
You can heal yourself by infusing magical energy.
You passively map a small area around you.
You do not regenerate.


Message History

You finish taking off your +0 scale mail.
Unknown command.
There is a stone staircase leading down here.
There is a stone staircase leading up here.
You climb upwards.
Level annotation: 1 runed door
There is a stone staircase leading down here.
Unknown command.
Unknown command.
Unknown command.
Unknown command.
Unknown command.
Wear which item? (? for menu, Esc to quit)
You start putting on your armour.
You continue putting on your shiny ring mail. x4
You finish putting on your cursed +0 ring mail.
Oops, that feels deathly cold.
As you read the scroll labeled GUENGE OSUTY, it crumbles to dust.
You feel strangely unstable.
It was a scroll of teleportation.
As you read the scroll labeled GUYSES RAROAMOY, it crumbles to dust.
It is a scroll of enchant armour.
Your +0 helmet glows green for a moment.
As you read the scroll labeled HETOAR CIHAAPN, it crumbles to dust.
You feel as if something is helping you.
It was a scroll of remove curse.
Wear which item? (? for menu, Esc to quit)
Your surroundings suddenly seem different.
Keep disrobing?
Keep disrobing?
You start removing your armour.
You continue taking off your +0 ring mail. x4
You finish taking off your +0 ring mail.
Wear which item? (? for menu, Esc to quit)
Okay, then.
Wear which item? (? for menu, Esc to quit)
You start putting on your armour.
You continue putting on your +0 scale mail. x4
You finish putting on your +0 scale mail.
Wear which item? (? for menu, Esc to quit)
You start putting on your armour.
You continue putting on your pair of gloves. x4
You finish putting on your +0 pair of gloves.
Drop what? 22/52 slots (_ for help) (? for menu, Esc to quit)
You drop a +0 ring mail.
Put on which piece of jewellery? (? for menu, Esc to quit)
o - an amulet of harm (around neck) Put on which piece of jewellery? (? for menu, Esc to quit)
w - a ring of wizardry (left hand) Drop what? 21/52 slots (_ for help) (? for menu, Esc to quit)
Really drop
w - a ring of wizardry {Wiz+, !d}?
You remove your ring of wizardry {Wiz+, !d}.
You drop an uncursed ring of wizardry {Wiz+, !d}.
You stop dropping stuff.
Really remove
o - an amulet of harm?
You remove your amulet of harm.
The amulet drains your life force as you remove it!
You feel drained.
You drop an uncursed amulet of harm.
You see here 14 bolts.
You see here a club.
(D) Dungeon
Where to? (Enter - D:3, ? - help)
What level of the Dungeon? (default 1, ? - help)
There is a stone staircase leading down here.
You climb downwards.
Level annotation: PheasantPlucker's ghost, amateur OgHu You are near starving!
There is a stone staircase leading up here.
There is a stone staircase leading down here.
PheasantPlucker's ghost turns its malevolent gaze towards you.
PheasantPlucker's ghost is too close now for your liking.
Okay, then.
PheasantPlucker's ghost barely misses you.
Your shield and scale mail prevent you from hitting PheasantPlucker's ghost.
You block PheasantPlucker's ghost's attack.
You hit PheasantPlucker's ghost but do no damage.
PheasantPlucker's ghost hits you!
You feel very mighty all of a sudden. PheasantPlucker's ghost hits you.
You barely miss PheasantPlucker's ghost.
PheasantPlucker's ghost hits you!!
* * * LOW HITPOINT WARNING * * *
You barely miss PheasantPlucker's ghost.
PheasantPlucker's ghost barely misses you.
You puncture PheasantPlucker's ghost!
PheasantPlucker's ghost is lightly damaged.
You block PheasantPlucker's ghost's attack.
You puncture PheasantPlucker's ghost!
PheasantPlucker's ghost is moderately damaged.
PheasantPlucker's ghost hits you.
* * * LOW HITPOINT WARNING * * *
You barely miss PheasantPlucker's ghost.
PheasantPlucker's ghost is moderately damaged.
PheasantPlucker's ghost shouts, "You must not succeed where I failed!"
You block PheasantPlucker's ghost's attack.
You closely miss PheasantPlucker's ghost.
PheasantPlucker's ghost is moderately damaged.
PheasantPlucker's ghost deftly throws insults at you.
PheasantPlucker's ghost hits you!!
You die...

#.......####.######
,
#..........#......>
* *
#..(.<...#....#* *
, #.......#..##.#
#......>#..##.# * ,
#######.......# ..
, #.#..##.##..., ,
* #.#..#..)#.# ,
#.#..@W....#
**,#.#.##.....# ,*
, ,
###.#.#.###..### *
............#⌠.##+*
*
###.####..†)......
.. ,, , *
#..####..... .####
, #.#...# ...
,#.... * #.#...+
.._. +...#
##.#...#..... #....


You could see PheasantPlucker's ghost.

Vanquished Creatures
  4 gnolls (D:2)
  An adder (D:2)
  An adder skeleton (D:2)
  2 leopard geckos (D:1)
  5 bats (D:2)
  A giant cockroach (D:3)
  8 goblins
  3 hobgoblins
  5 kobolds
  A ball python (D:1)
  A frilled lizard (D:2)
  4 rats
36 creatures vanquished.

Notes
Turn   | Place    | Note
-------+----------+-------------------------------------------
     0 | D:1      | Mgcat the Deep Dwarf Fighter began the quest for the Orb.
     0 | D:1      | Reached XP level 1. HP: 20/20 MP: 1/1
   220 | D:1      | Reached XP level 2. HP: 27/27 MP: 2/2
   678 | D:2      | Reached skill level 3 in Fighting
   678 | D:2      | Reached skill level 1 in Spellcasting
   785 | D:2      | Reached XP level 3. HP: 13/34 MP: 4/4
   790 | D:2      | Reached skill level 3 in Axes
   837 | D:2      | Reached XP level 4. HP: 42/42 MP: 6/6
  1228 | D:2      | Found a runed door.
  1402 | D:3      | Found a shattered altar of Ashenzari.
  1469 | D:3      | Noticed PheasantPlucker's ghost (amateur OgHu)
  1653 | D:3      | HP: 7/42 [PheasantPlucker's ghost (4)]
  1655 | D:3      | Mangled by PheasantPlucker's ghost

Skill      XL: |  1  2  3 |
---------------+----------+-----
Fighting       | 3 |  3.4
Spellcasting   | 1 |  1.7
Axes           | 3 |  3.4
Armour         | |  3.2
Shields        | |  3.2

Action                   |  1- 3 |  4- 6 || total
-------------------------+-------+-------++-------
Melee: War axe           |    14 |       ||    14
       Dagger            |    75 |    53 ||   128
 Abil: Heal Wounds       |     1 |       ||     1
  Use: Scroll            |       |     3 ||     3
       Potion            |       |     1 ||     1
  Eat: Ration            |     1 |       ||     1
       Chunk             |       |     2 ||     2
Armor: Scale mail        |    33 |    26 ||    59
Dodge: Dodged            |    27 |    21 ||    48
Block: Shield            |    26 |    27 ||    53

Vault maps used:
D:1:      minmay_arrival_semitransparent
D:2:      uniq_crazy_yiuf_cottage
D:3:      lightli_temple_of_fire, first_ration, evilmike_ruin_ashenzari,
          uniq_jessica

Table legend:
 A = Turns spent in this place as a percentage of turns spent in the entire game.
 B = Non-inter-level travel turns spent in this place as a percentage of non-inter-level travel turns spent in the entire game.
 C = Inter-level travel turns spent in this place as a percentage of turns spent in this place.
 D = Turns resting spent in this place as a percentage of non-inter-level travel turns spent in this place.
 E = Turns spent auto-exploring this place as a percentage of non-inter-level travel turns spent in this place.
 F = Non-inter-level travel turns spent in this place divided by the number of levels of this place that you've seen.
                   A       B       C       D       E      F
               +-------+-------+-------+-------+-------+----------------------
         Total | 100.0 | 100.0 |   5.1 |   0.0 |  78.7 | 523.7
       Dungeon | 100.0 | 100.0 |   5.1 |   0.0 |  78.7 | 523.7
               +-------+-------+-------+-------+-------+----------------------

Table legend:
 A = Kills in this place as a percentage of kills in entire the game.
 B = Kills by you in this place as a percentage of kills by you in the entire game.
 C = Kills by friends in this place as a percentage of kills by friends in the entire game.
 D = Other kills in this place as a percentage of other kills in the entire game.
 E = Experience gained in this place as a percentage of experience gained in the entire game.
 F = Experience gained in this place divided by the number of levels of this place that you have seen.
                   A       B       C       D       E      F
               +-------+-------+-------+-------+-------+----------------------
         Total | 100.0 | 100.0 |   N/A |   N/A | 100.0 |  42.3
       Dungeon | 100.0 | 100.0 |   N/A |   N/A | 100.0 |  42.3
               +-------+-------+-------+-------+-------+----------------------
